Map: Triton LE

Players

Vaisravana - Winner!

  • Race: Zerg Zerg
  • League: Master
  • Spawn Location: 5:00

Miaha

  • Race: Zerg Zerg
  • League: Diamond
  • Spawn Location: 11:00

VOD

Have the link to the VOD?

Description

Time

  • Played on: Oct. 25, 2019, 5:27 a.m.
  • Length: 10:32
Show
View Real Time Build Order
Export as new Build Order

Vaisravana Zerg - Winner!

Build Orders: Pool First, Lurkers 

Get SALT Encoding   

  12  0:01  Drone  
  13  0:13  Overlord  
  13  0:17  Drone  
  14  0:32  Drone x2  
  16  0:36  Drone  
  17  0:44  Spawning Pool  
  17  0:48  Drone  
  17  0:57  Drone  
  18  1:11  Hatchery  
  18  1:18  Extractor  
  16  1:19  Drone  
  16  1:20  Drone  
  18  1:29  Drone  
  19  1:33  Queen  
  21  1:40  Zergling x2  
  22  1:51  Overlord  
  22  2:08  Queen  
  22  2:14  Drone x2  
  26  2:23  Queen  
  26  2:25  Drone  
  26  2:26  Drone  
  30  2:39  Drone x2  
  32  2:49  Overlord  
  32  2:50  Drone x3  
  35  2:54  Lair  
  35  2:58  Drone x2  
  36  3:06  Evolution Chamber  
  36  3:10  Drone x2, Evolution Chamber  
  36  3:15  Roach Warren  
  35  3:20  Drone x2  
  35  3:26  Drone x3  
  40  3:28  Drone  
  40  3:31  Extractor  
  40  3:34  Drone x3  
  40  3:37  Extractor  
  42  3:45  Overlord, Drone x2  
  42  3:46  Extractor  
  43  3:59  Hydralisk Den, Drone  
  43  4:00  Drone  
  44  4:06  Overlord  
  44  4:08  Drone x6  
  50  4:15  Roach  
  52  4:17  Evolution Chamber  
  52  4:22  Roach  
  51  4:26  Roach  
  53  4:35  Roach x2, Evolution Chamber  
  53  4:36  Roach x2  
  61  4:49  Lurker Den  
  60  4:59  Drone  
  60  5:00  Overlord x2  
  60  5:10  Overlord  
  60  5:21  Hatchery, Zerg Missile Weapons Level 1  
  60  5:22  Hydralisk x3  
  60  5:23  Hydralisk  
  67  5:33  Hydralisk, Overlord  
  69  5:38  Hydralisk  
  71  5:43  Drone  
  71  5:46  Drone  
  71  5:49  Drone  
  74  5:50  Overlord  
  74  5:59  Drone x3  
  74  6:00  Drone  
  78  6:15  Lurker x3  
  78  6:16  Lurker x3  
  84  6:23  Spore Crawler, Drone  
  84  6:24  Hydralisk x4  
  92  6:27  Drone x3  
  92  6:31  Spore Crawler  
  94  6:36  Overlord  
  94  6:38  Drone x5  
  99  6:42  Extractor x2  
  99  6:46  Drone x2  
  100  6:47  Drone  
  100  6:48  Overseer  
  100  6:52  Drone x2  
  100  6:53  Drone  
  100  6:54  Spore Crawler  
  102  6:56  Drone x3  
  102  6:59  Lurker  
  102  7:00  Lurker x2  
  102  7:01  Lurker  
  109  7:07  Drone  
  109  7:08  Drone x4  
  114  7:14  Nydus Network  
  113  7:19  Overlord, Drone  
  113  7:20  Overlord  
  114  7:37  Queen  
  114  7:38  Overlord  
  114  7:39  Hydralisk x4  
  114  7:42  Drone x2  
  114  7:43  Hydralisk x2  
  130  7:52  Nydus Canal  
  130  7:56  Zerg Missile Weapons Level 2  
  130  8:03  Hydralisk x4  
  138  8:05  Overlord  
  138  8:11  Hatchery  
  137  8:17  Lurker  
  137  8:19  Overlord x2  
  138  8:22  Nydus Canal  
  126  8:36  Lurker x5  
  122  8:47  Hydralisk x4  
  130  8:57  Drone x4  
  130  8:58  Drone  
  130  8:59  Overlord  
  126  9:04  Hydralisk x3  
  126  9:05  Hydralisk  
  134  9:14  Lurker x2  
  131  9:21  Extractor  
  131  9:22  Extractor  
  130  9:24  Lurker  
  130  9:34  Lurker  
  131  9:43  Lurker x3  
  134  9:46  Drone x3  
  134  9:47  Spore Crawler, Drone x3  
  139  10:03  Nydus Canal  
  153  10:17  Nydus Canal  
  153  10:18  Spine Crawler x2  
  153  10:20  Spine Crawler  
Show
View Real Time Build Order
Export as new Build Order

Miaha Zerg 

Build Orders: Pool First, Lurkers 

Get SALT Encoding   

  12  0:02  Drone  
  13  0:13  Overlord  
  13  0:17  Drone  
  14  0:31  Drone x2  
  16  0:37  Drone  
  17  0:46  Spawning Pool  
  17  0:48  Drone  
  17  0:57  Drone  
  18  1:12  Hatchery  
  18  1:16  Extractor  
  16  1:22  Drone x2  
  18  1:29  Drone  
  19  1:34  Queen  
  21  1:40  Zergling x2  
  22  1:53  Overlord  
  22  2:11  Queen  
  24  2:17  Drone  
  24  2:18  Drone  
  24  2:21  Metabolic Boost  
  26  2:29  Drone  
  28  2:30  Drone  
  28  2:35  Overlord  
  28  2:45  Baneling Nest  
  28  2:46  Drone  
  28  2:48  Overlord x2  
  28  3:02  Drone x4  
  32  3:18  Zergling x6  
  35  3:21  Zergling x2  
  35  3:22  Zergling x4  
  38  3:32  Zergling x2  
  38  3:33  Zergling x8  
  43  3:44  Hatchery  
  43  3:45  Baneling x2  
  42  3:54  Overlord  
  42  3:57  Drone  
  42  3:58  Drone x5  
  47  4:18  Drone x4  
  46  4:39  Drone x8  
  52  4:52  Roach Warren  
  49  5:01  Lair  
  49  5:04  Extractor  
  49  5:05  Extractor  
  46  5:07  Queen  
  46  5:14  Drone x11  
  49  5:18  Extractor  
  58  5:32  Evolution Chamber  
  57  5:37  Roach x5, Evolution Chamber  
  66  5:44  Overlord  
  66  5:45  Overlord x3  
  66  5:49  Pneumatized Carapace  
  66  5:59  Extractor  
  66  6:02  Hydralisk Den, Drone x2  
  66  6:06  Overseer  
  66  6:08  Zerg Ground Armor Level 1, Zerg Missile Weapons Level 1  
  66  6:15  Glial Reconstitution  
  66  6:18  Drone x3  
  67  6:19  Drone x3  
  67  6:21  Extractor  
  71  6:28  Overseer  
  71  6:37  Lurker Den  
  70  6:42  Drone x5  
  70  6:44  Roach x3  
  81  7:07  Overlord x3  
  81  7:08  Overlord x3  
  81  7:17  Hatchery  
  80  7:31  Hydralisk x6  
  80  7:33  Roach x2  
  80  7:34  Roach x7  
  110  7:41  Overseer x2  
  110  8:03  Lurker x6, Overlord x4  
  110  8:04  Overlord  
  116  8:07  Roach x5  
  128  8:19  Lurker Den  
  124  8:33  Roach  
  124  8:34  Roach x6  
  96  8:43  Roach  
  82  9:11  Roach x6  
  93  9:42  Hatchery  
  83  9:48  Roach  
  85  9:53  Roach x3  
  85  9:54  Queen  
  85  9:58  Hatchery  
  92  10:00  Hydralisk x2, Extractor  
  92  10:03  Extractor  
Tags
 
Composition
LurkersLurkers
Matchup
ZvZ
Race
Zerg
Spawn Locations
Cross Positions
Add a new tag
Caveats
  • Supply blocks, unpowered buildings, or Contaminate may cause inaccurate times.
  • Supply counts are checked every 10 seconds.